 Dungeon Crawl Stone Soup version 0.30-a0-737-gf23d94013f (webtiles) character file.

Game seed: 468429355211402756

58 freelancePsychic the Ducker (level 4, -4/38 HPs)
             Began as a Gnoll Gladiator on Feb 1, 2023.
             Killed from afar by a white imp (7 damage)
             ... with a puff of frost
             ... summoned by Natasha
             ... on level 3 of the Dungeon.
             The game lasted 00:02:11 (1398 turns).

freelancePsychic the Ducker (Gnoll Gladiator)       Turns: 1398, Time: 00:02:11

Health: -4/38      AC:  4    Str: 14    XL:     4   Next: 1%
Magic:  5/5        EV: 14    Int:  7    God:
Gold:   124        SH:  0    Dex: 15    Spells: 5/5 levels left

rFire   . . .      SeeInvis .    e - +2 dagger (venom)
rCold   . . .      Faith    .    (no shield)
rNeg    . . .      Spirit   .    b - +0 leather armour
rPois   .          Reflect  .    c - +0 helmet
rElec   .          Harm     .    (no cloak)
rCorr   .          Rampage  .    (no gloves)
Will    .....                    (no boots)
Stlth   ++                       j - amulet of magic regeneration
HPRegen 0.26/turn                (no ring)
MPRegen 0.49/turn                (no ring)

@: slowed, invisible, very slow
A: fangs 1, strong nose, distributed training
a: no special abilities


You were on level 3 of the Dungeon.
You visited 1 branch of the dungeon, and saw 3 of its levels.

You collected 124 gold pieces.

Inventory:

Hand Weapons
 a - a +0 long sword
 e - a +2 dagger of venom (weapon)
Missiles
 d - 3 throwing nets
 f - a javelin
 o - 7 poisoned darts (quivered)
Armour
 b - a +0 leather armour (worn)
 c - a +0 helmet (worn)
Jewellery
 j - an amulet of magic regeneration (around neck)
Scrolls
 i - a scroll of fog
 k - a scroll of noise {unknown}
 l - a scroll of fear {unknown}
Potions
 g - a potion of haste {unknown}
 h - a potion of berserk rage {unknown}
 m - 2 potions of cancellation {unknown}
 n - a potion of magic {unknown}
 p - 2 potions of invisibility


   Skills:
 + Level 4.6 Fighting
 + Level 1.0 Short Blades
 + Level 6.6 Long Blades
 + Level 1.0 Axes
 + Level 1.0 Maces & Flails
 + Level 1.0 Polearms
 + Level 1.0 Staves
 + Level 1.0 Ranged Weapons
 + Level 4.6 Throwing
 + Level 1.0 Armour
 + Level 6.6 Dodging
 + Level 1.0 Stealth
 + Level 1.0 Shields
 + Level 1.0 Unarmed Combat
 + Level 1.0 Spellcasting
 + Level 0.8 Conjurations
 + Level 0.8 Hexes
 + Level 0.8 Summonings
 + Level 0.8 Necromancy
 + Level 0.8 Translocations
 + Level 0.8 Transmutations
 + Level 0.8 Fire Magic
 + Level 0.8 Ice Magic
 + Level 0.8 Air Magic
 + Level 0.8 Earth Magic
 + Level 0.8 Poison Magic
 + Level 1.1 Invocations
 + Level 1.0 Evocations


You had 5 spell levels left.
You didn't know any spells.
Your spell library contained the following spells:

 Spells                   Type           Power      Damage    Failure   Level
 Cigotuvi's Dreadful Rot  Necr/Pois/Air  2%         N/A       50%         2
 Poisonous Vapours        Pois/Air       2%         N/A       50%         2
 Mephitic Cloud           Conj/Pois/Air  1%         N/A       73%         3
 Stone Arrow              Conj/Erth      2%         3d7       73%         3
 Animate Armour           Summ/Erth      2%         N/A       98%         4
 Lehudib's Crystal Spear  Conj/Erth      0%         10d2      100%        8


Dungeon Overview and Level Annotations

Branches:
Dungeon (3/15)

Altars:

Annotations:
D:3 Natasha


Innate Abilities, Weirdness & Mutations

You have very sharp teeth.
Your uncanny sense of smell can sniff out nearby items.
Your experience applies equally to all skills.


Message History

You throw a poisoned dart.
The poisoned dart closely misses the white imp.
Natasha casts a spell at you. The magic dart hits you!
The white imp misses you. Natasha casts a spell at you.
You feel yourself slow down. The white imp hits you. The white imp freezes you.
Natasha stares at you and mumbles some strange words.
The magic dart hits you! The white imp gestures at you.
The puff of frost misses you.
You hit Natasha but do no damage.
Natasha is poisoned.
Natasha mumbles some strange words.
Natasha glows brightly for a moment.
Natasha closely misses you. The white imp barely misses you.
Natasha closely misses you.
You barely miss Natasha.
Natasha is lightly wounded.
The white imp completely misses you.
Natasha stares at you and mumbles some strange words.
You feel as though you will be slow longer.
The white imp gestures at you. The puff of frost misses you.
You closely miss Natasha.
Natasha is lightly wounded.
Natasha closely misses you. The white imp hits you. The white imp freezes you.
You hit Natasha.
Natasha looks as sick as possible!
Natasha is moderately wounded.
Natasha closely misses you.
The white imp laughs crazily.
The white imp hits you. The white imp freezes you.
* * * LOW HITPOINT WARNING * * *
Natasha claws you!
* * * LOW HITPOINT WARNING * * *
It was a potion of invisibility.
You fade into invisibility!
The white imp gestures at you. The puff of frost hits you!
You die...

#.# # ∆ #.# #
#####.## #
###>.....## #
#.........##### #
#.#....##.....# #.#
#.....####..######..
####..####......####
#..@5....)......##..
#.h#.#..###.........
##.#.##..##.....##..
(.#.# #..#.....##..
####.# #.......##..
.(# ##..######.# ###
##.# #.# #. #.# #.#


You could see Natasha (extremely poisoned) and a white imp (summoned, unable to
see you).

Vanquished Creatures
  An adder (D:2)
  A worm (D:3)
  A dart slug (D:1)
  An orc (D:2)
  3 ball pythons (D:1)
  2 giant cockroaches (D:1)
  3 goblins (D:1)
  5 hobgoblins
  3 jackals (D:2)
  6 kobolds
  5 quokkas
  5 bats
  3 rats
39 creatures vanquished.

Notes
Turn   | Place    | Note
-------+----------+-------------------------------------------
     0 | D:1      | freelancePsychic the Gnoll Gladiator began the quest for
                  | the Orb.
     0 | D:1      | Reached XP level 1. HP: 20/20 MP: 1/1
    31 | D:1      | Reached XP level 2. HP: 23/26 MP: 2/2
   181 | D:1      | Found a faded altar of an unknown god.
   299 | D:1      | Reached XP level 3. HP: 31/31 MP: 3/3
   722 | D:2      | Reached skill level 1 in Invocations
   958 | D:2      | Reached skill level 1 in Short Blades
   958 | D:2      | Reached skill level 1 in Axes
   958 | D:2      | Reached skill level 1 in Maces & Flails
   958 | D:2      | Reached skill level 1 in Polearms
   958 | D:2      | Reached skill level 1 in Staves
   958 | D:2      | Reached skill level 1 in Ranged Weapons
   958 | D:2      | Reached skill level 1 in Armour
   958 | D:2      | Reached skill level 1 in Stealth
   958 | D:2      | Reached skill level 1 in Shields
   958 | D:2      | Reached skill level 1 in Unarmed Combat
   958 | D:2      | Reached skill level 1 in Spellcasting
   958 | D:2      | Reached skill level 1 in Evocations
  1317 | D:3      | Reached XP level 4. HP: 27/38 MP: 5/5
  1388 | D:3      | Noticed Natasha
  1398 | D:3      | Killed from afar by a white imp

Illustrated notes

Levels and vault maps discovered:
D:1:      erik_arrival_blinker_ship, layout_basic,
          hellmonk_ecumenical_altar_lost_god
D:2:      layout_rooms
D:3:      layout_basic, lightli_temple_of_fire, kennysheep_generic_room_15,
          uniq_natasha

Skill      XL: |  1  2  3 |
---------------+----------+-----
Invocations    | 1 |  1.1
Short Blades   | 1 |  1.0
Axes           | 1 |  1.0
Maces & Flails | 1 |  1.0
Polearms       | 1 |  1.0
Staves         | 1 |  1.0
Ranged Weapons | 1 |  1.0
Armour         | 1 |  1.0
Stealth        | 1 |  1.0
Shields        | 1 |  1.0
Unarmed Combat | 1 |  1.0
Spellcasting   | 1 |  1.0
Evocations     | 1 |  1.0
Fighting       | |  4.6
Long Blades    | |  6.6
Throwing       | |  4.6
Dodging        | |  6.6
Conjurations   | |  0.8
Hexes          | |  0.8
Summonings     | |  0.8
Necromancy     | |  0.8
Translocations | |  0.8
Transmutations | |  0.8
Fire Magic     | |  0.8
Ice Magic      | |  0.8
Air Magic      | |  0.8
Earth Magic    | |  0.8
Poison Magic   | |  0.8

Action                     |  1- 3 |  4- 6 || total
---------------------------+-------+-------++-------
  Melee: Long sword        |    26 |       ||    26
         Dagger            |    87 |     4 ||    91
         Bite              |     8 |       ||     8
  Throw: Throwing net      |     3 |       ||     3
         Javelin           |     1 |       ||     1
         Dart              |       |     3 ||     3
    Use: Scroll            |     1 |       ||     1
         Potion            |       |     1 ||     1
   Stab: Sleeping          |     1 |       ||     1
 Armour: Leather armour    |    26 |       ||    26
  Dodge: Dodged            |    82 |     9 ||    91

Table legend: (Time is in decaauts)
 A = Elapsed time spent in this place.
 B = Non-inter-level travel time spent in this place.
 C = Inter-level travel time spent in this place.
 D = Time resting spent in this place.
 E = Time spent auto-exploring this place.
 F = Levels seen in this place.
 G = Mean time per level.
                   A        B        C        D        E       F      G
               +--------+--------+--------+--------+--------+-----+--------+
         Total |   1395 |   1339 |     56 |      0 |   1070 |   3 |  465.0 |
       Dungeon |   1395 |   1339 |     56 |      0 |   1070 |   3 |  465.0 |
               +--------+--------+--------+--------+--------+-----+--------+

Top non-repeatable levels by time:
     D:1: 692 daAuts
     D:2: 584 daAuts
     D:3: 119 daAuts
